 Dungeon Crawl Stone Soup version 0.15.0-16-gce31824 (webtiles) character file.

41 Leibowitz the Sneak (level 3, 0/20 HPs)
             Began as a Kobold Enchanter on Sept 6, 2014.
             Slain by an adder (1 damage)
             ... on Level 2 of the Dungeon.
             The game lasted 00:10:51 (1281 turns).

Leibowitz the Sneak (Kobold Enchanter)              Turns: 1281, Time: 00:10:52

HP   0/20        AC  5     Str  6      XL: 3   Next: 75%
MP   1/6         EV 16     Int 19      God:
Gold 102         SH  0     Dex 16      Spells:  3 memorised,  0 levels left

rFire  . . .     SeeInvis .     a - +2 dagger
rCold  + . .     Clarity  .     b - +2 robe
rNeg   . . .     rCorr    .     (no shield)
rPois  .         rRot     .     e - +0 helmet
rElec  .         Spirit   .     (no cloak)
SustAb .         Warding  .     (no gloves)
rMut   .         Stasis   .     (no boots)
Gourm  .                        g - amulet of faith
MR     .....                    (no ring)
                                j - ring of protection from cold

@: brilliant, very slightly contaminated, not resistant to hostile enchantments,
fairly stealthy
A: carnivore 3
a: no special abilities


You were on level 2 of the Dungeon.
You were very full.

You visited 1 branch of the dungeon, and saw 2 of its levels.

You collected 102 gold pieces.

Inventory:

Hand weapons
 a - a +2 dagger (weapon)
Armour
 b - a +2 robe (worn)
 e - a +0 helmet (worn)
Comestibles
 d - 2 meat rations
 n - a chunk of bat flesh
 o - 3 chunks of hobgoblin flesh
Scrolls
 h - 3 scrolls of identify
 i - a scroll of magic mapping
Jewellery
 f - an uncursed amulet of clarity
 g - an amulet of faith (around neck)
 j - a ring of protection from cold (left hand)
 k - a -3 ring of dexterity
Books
 c - a book of Maledictions

   Spells                             Type                      Level
   *Corona                            Hexes                        1
   Sure Blade                         Hexes/Charms                 2
   *Ensorcelled Hibernation           Hexes/Ice                    2
   *Confuse                           Hexes                        3
   Dazzling Spray                     Conjuration/Hexes            3
   Enslavement                        Hexes                        4


   Skills:
 * Level 0.7 Fighting
 + Level 1.3 Short Blades
 * Level 3.2 Dodging
 * Level 4.9 Stealth
 * Level 2.1 Spellcasting
 + Level 3.2 Hexes
 * Level 0.2 Ice Magic


You couldn't memorise any spells.
You knew the following spells:

 Your Spells              Type           Power        Failure   Level  Hunger
a - Corona                Hex            ####...      1%          1    #......
b - Ensorcelled Hibernat  Hex/Ice        ###...       1%          2    ##.....
c - Confuse               Hex            ####....     1%          3    ###....


Dungeon Overview and Level Annotations

Branches:
Dungeon (2/15)

Altars:


Innate Abilities, Weirdness & Mutations

You are small and have problems with some larger weapons.
You are carnivorous and can eat meat at any time.


Message History

The adder bites you but does no damage.
You feel sick. The adder barely misses you.
Unknown command.
You feel sick. The adder barely misses you. The adder bites you.
* * * LOW HITPOINT WARNING * * *
Drink which item? (? for menu, Esc to quit)
You feel refreshed.
It was a potion of restore abilities.
You feel sick.
You are no longer poisoned.
The adder bites you.
* * * LOW HITPOINT WARNING * * *
Drink which item? (? for menu, Esc to quit)
You feel clever all of a sudden.
It was a potion of brilliance.
The adder bites you.
* * * LOW HITPOINT WARNING * * *
Read which item? (? for menu, Esc to quit)
Okay, then.
The adder bites you.
You die...

.#............##.##.......##
.#.#.......##.##.##.#####..#
.#.##..#..%##.##.#..####...###
.#...........................## #
.#.#.###...........#####...#..###
.#....##...#.........#####..#....
.#..#.##..............#####.###..
.#..#.##........S.......# #.# #..
.#..#.#.........@..#.##.# #.# #..
.#..#........#.##.##..#..##.# ##.
.#..#.(.......%...###.##.##.# #..
>#..........##.....##.##..#.###..
.#.#..........#.............)##..
.#.##.......#.)#...##..####......
.#.##......###.........<........#
.#.##.##.....##....##.....#......
.#.##.##.###....#..##%#.#........


You could see an adder.

Vanquished Creatures
  3 giant geckos (D:1)
  5 goblins
  7 hobgoblins
  4 kobolds
  7 bats
  4 giant cockroaches
  5 giant newts (D:1)
  A rat (D:1)
36 creatures vanquished.

Vanquished Creatures (others)
  4 toadstools (D:1)
4 creatures vanquished.

Grand Total: 40 creatures vanquished

Notes
Turn   | Place    | Note
--------------------------------------------------------------
     0 | D:1      | Leibowitz, the Kobold Enchanter, began the quest for the Orb.
     0 | D:1      | Reached XP level 1. HP: 10/10 MP: 3/3
   269 | D:1      | Reached XP level 2. HP: 10/15 MP: 2/4
   273 | D:1      | Learned a level 2 spell: Ensorcelled Hibernation
   710 | D:1      | Reached XP level 3. HP: 17/20 MP: 6/6
   936 | D:1      | Learned a level 3 spell: Confuse
  1279 | D:2      | HP: 1/20 [adder (1)]
  1281 | D:2      | Slain by an adder

Action                   || total
-------------------------++-------
Melee: Dagger            ||   145
 Cast: Corona            ||     5
       Ensorcelled Hiber ||     7
  Use: Scroll            ||     5
       Potion            ||     2
 Stab: Sleeping          ||     8
  Eat: Chunk             ||    10
